Map: Golden Wall LE

Players

Massa - Winner!

  • Race: Terran Terran
  • League: Gold
  • Spawn Location: 5:00

Schattenmagi

  • Race: Terran Terran
  • League: Gold
  • Spawn Location: 7:00

VOD

Have the link to the VOD?

Description

Time

  • Played on: July 7, 2020, 1:17 p.m.
  • Length: 9:49
Show
View Real Time Build Order
Export as new Build Order

Massa Terran - Winner!

Build Orders:  

Get SALT Encoding   

  12  0:03  SCV  
  13  0:14  Supply Depot  
  13  0:18  SCV  
  14  0:30  Refinery, SCV  
  15  0:43  Barracks  
  15  0:47  SCV  
  16  1:00  Supply Depot  
  16  1:10  SCV  
  17  1:21  Barracks  
  17  1:33  Barracks  
  17  1:39  Marine  
  18  1:46  Bunker  
  18  1:50  SCV  
  19  2:03  SCV  
  19  2:05  Marine  
  21  2:09  Marine  
  21  2:17  SCV  
  22  2:22  Marine  
  22  2:27  Marine, Supply Depot  
  24  2:31  Orbital Command  
  24  2:37  Marine  
  25  2:45  Factory  
  25  3:18  SCV  
  26  3:24  Barracks Tech Lab  
  26  3:25  Barracks Reactor, Marine  
  27  3:30  Factory Tech Lab  
  27  3:41  Command Center  
  27  3:43  Marine  
  28  3:53  Stimpack  
  28  4:00  Widow Mine, Marine  
  31  4:17  SCV  
  32  4:29  SCV, Marauder, Marine x2  
  32  4:30  Marine  
  37  4:47  Marine x2  
  37  4:52  Marine  
  39  4:53  Marauder  
  39  4:54  Supply Depot  
  42  5:14  Marauder  
  44  5:26  SCV  
  44  5:27  Refinery  
  45  5:29  SCV  
  46  5:36  Marauder  
  46  5:37  Siege Tank  
  46  5:38  SCV  
  46  5:41  SCV  
  53  5:50  SCV  
  53  5:53  SCV, Marine x2  
  57  5:57  Marauder  
  57  6:02  SCV  
  60  6:05  SCV  
  61  6:14  SCV  
  62  6:20  Marauder  
  62  6:21  Supply Depot  
  62  6:25  Engineering Bay  
  62  6:29  Refinery  
  62  6:37  Supply Depot  
  62  6:43  SCV x2, Marauder  
  62  6:44  Supply Depot  
  66  6:55  SCV x2  
  66  7:00  Supply Depot  
  64  7:04  Marauder  
  64  7:07  SCV x2  
  61  7:19  SCV  
  54  7:26  Marauder  
  53  7:34  Marine x2  
  53  7:35  Marine, Missile Turret x5  
  50  7:38  Missile Turret  
  50  7:39  Missile Turret  
  46  7:46  Marine  
  47  7:52  Marine x2  
  47  7:54  Missile Turret  
  50  7:59  Barracks Reactor  
  50  8:02  Barracks Tech Lab  
  50  8:04  Marine  
  50  8:10  Marine x2  
  52  8:13  Command Center  
  52  8:14  Missile Turret  
  52  8:22  Orbital Command, Marine  
  53  8:27  Marine  
  53  8:28  Cyclone  
  57  8:36  Missile Turret  
  52  8:58  Missile Turret  
  52  9:02  Missile Turret  
  54  9:03  Missile Turret  
  54  9:12  Marine x4  
  58  9:22  Missile Turret  
  55  9:30  Marine x2  
Show
View Real Time Build Order
Export as new Build Order

Schattenmagi Terran 

Build Orders:  

Get SALT Encoding   

  12  0:01  SCV  
  13  0:13  SCV  
  14  0:20  Supply Depot  
  14  1:11  Barracks  
  14  1:12  Barracks  
  14  1:14  Barracks  
  14  1:15  SCV  
  15  1:26  Refinery  
  15  1:28  SCV  
  16  1:40  SCV  
  16  1:46  Supply Depot  
  17  1:58  Marine x2  
  19  2:06  Marine  
  20  2:19  Marine x2  
  22  2:24  Marine  
  23  2:31  Orbital Command  
  23  2:38  Refinery  
  23  3:00  SCV  
  23  3:02  Factory  
  24  3:13  Supply Depot  
  24  3:14  SCV  
  25  3:30  SCV  
  26  3:49  Widow Mine, Command Center  
  28  4:01  Starport  
  28  4:03  SCV  
  29  4:10  Widow Mine  
  31  4:38  Barracks Reactor  
  31  4:39  Barracks Reactor  
  31  4:41  Barracks Tech Lab  
  31  4:52  Starport Tech Lab  
  31  4:53  Fusion Core  
  31  5:01  Widow Mine  
  31  5:04  Orbital Command  
  33  5:25  Starport  
  33  5:33  Barracks Tech Lab  
  33  5:35  SCV  
  33  5:36  SCV  
  35  5:56  Refinery  
  41  5:57  Battlecruiser  
  41  5:59  Refinery  
  41  6:10  Engineering Bay  
  42  6:11  SCV x2  
  41  6:26  Marine  
  41  6:27  Marine x4  
  46  6:35  Bunker  
  46  6:37  Supply Depot  
  46  6:40  SCV x2  
  46  6:47  Factory Tech Lab  
  48  6:51  Marine x4  
  48  6:52  Marine  
  53  6:56  SCV  
  40  7:23  Battlecruiser  
  30  7:53  SCV x2  
  30  7:57  Battlecruiser  
  38  8:02  Widow Mine  
  40  8:05  SCV  
  40  8:06  SCV  
  42  8:15  Marine x2  
  42  8:18  SCV  
  45  8:38  SCV x2  
  47  9:26  Marine x5  
Tags
 
League
GoldGold
Matchup
TvT
Race
Terran
Replay Pack
Multiplayer
Spawn Locations
Close Positions
Add a new tag
Caveats
  • Supply blocks, unpowered buildings, or Contaminate may cause inaccurate times.
  • Supply counts are checked every 10 seconds.